 Dungeon Crawl Stone Soup version 0.31-a0-277-g31ea1f65cc (webtiles) character file.

Game seed: 2916846827195027383

1908 cforsyth the Fighter (level 9, -8/90 HPs)
             Began as a Meteoran Shapeshifter on July 15, 2023.
             Mangled by a yak (12 damage)
             ... on level 6 of the Dungeon.
             The game lasted 00:09:24 (1559 turns).

cforsyth the Fighter (Meteoran Shapeshifter)        Turns: 1559, Time: 00:09:25

Health: -8/90      AC:  2    Str: 20    XL:     9   Next: 65%
Magic:  3/3        EV: 12    Int: 16    God:
Gold:   146        SH:  0    Dex: 16    Spells: 8/8 levels left

rFire   + . .        q - +12 shortbow "Kemaerch" {antimagic, rElec rPois rCorr Int+6}
rCold   . . .        (shield currently unavailable)
rNeg    . . .        a - +0 animal skin
rPois   +            (helmet currently unavailable)
rElec   +            (cloak currently unavailable)
rCorr   +            (gloves currently unavailable)
SInv    +            (boots currently unavailable)
Will    +....        (no amulet)
Stlth   +            h - ring of protection from fire
HPRegen 0.35/turn    u - ring of see invisible
MPRegen 0.08/turn

%: no passive effects
@: beast-form, glowing
A: beast (slay +2), sense surroundings 2, otherworldly, glowing, explore regen
a: Begin Untransformation


You were on level 6 of the Dungeon.
You were a hulking beast.
You visited 1 branch of the dungeon, and saw 6 of its levels.

You collected 146 gold pieces.

Inventory:

Hand Weapons
 q - the +12 shortbow "Kemaerch" (weapon) {antimagic, rElec rPois rCorr Int+6}
   (You found it on level 5 of the Dungeon)

   Int:       It affects your intelligence (+6).
   rElec:     It insulates you from electricity.
   rPois:     It protects you from poison.
   rCorr:     It protects you from acid and corrosion.
Armour
 a - a +0 animal skin (worn)
 r - a +0 pair of boots
Jewellery
 h - a ring of protection from fire (left hand)
 u - a ring of see invisible (right hand)
Talismans
 c - a beast talisman
Wands
 s - a wand of roots (12)
Scrolls
 d - a scroll of amnesia {unknown}
 e - 2 scrolls of enchant armour {unknown}
 f - a scroll of immolation {unknown}
 g - 7 scrolls of identify {unknown}
 i - 2 scrolls of vulnerability {unknown}
 k - a scroll of butterflies {unknown}
 m - a scroll of torment {unknown}
 n - a scroll of teleportation {unknown}
Potions
 b - a potion of cancellation {unknown}
 j - a potion of ambrosia {unknown}
 l - 2 potions of heal wounds {unknown}
 o - 3 potions of attraction {unknown}
 p - a potion of invisibility {unknown}
 t - a potion of brilliance {unknown}


   Skills:
 + Level 12.0 Fighting
 - Level 2.4 Dodging
 - Level 5.5 Unarmed Combat
 - Level 3.6 Shapeshifting


You had 8 spell levels left.
You didn't know any spells.
Your spell library was empty.

Dungeon Overview and Level Annotations

Branches:
Dungeon (6/15) Zot: 1999
 Temple: D:4-7

Altars:
Cheibriados

Shops:
D:4 =


Innate Abilities, Weirdness & Mutations

You are a hulking beast.
Your limbs bulge with bestial killing power. (Slay +2)
You passively map the area around you.
You are easily found by Zot.
You glow in the dark.
You regain HP and MP as you explore.


Message History

The yak gores you but does no damage. The yak attacks as you move away!
The yak misses you. The yak attacks as you move away! The yak gores you.
You shoot an arrow. The arrow barely misses the yak.
The arrow hits the yak!
The yak is lightly wounded.
The yak gores you. The yak attacks as you move away! The yak gores you!
The yak gores you. The yak attacks as you move away! The yak gores you.
The yak attacks as you move away! The yak barely misses you.
You are too injured to fight recklessly!
You are too injured to fight recklessly!
Fire: q) +12 shortbow "Kemaerch" {antimagic, rElec rPois rCorr Int+6}
Press: ? - help, Q - select action, (/) - cycle Shift-Dir - straight line, f - yak, p - yak
Aim: a yak (moderately wounded, 82% to hit)
You shoot an arrow. The arrow hits the yak!
The yak is heavily wounded.
Fire: q) +12 shortbow "Kemaerch" {antimagic, rElec rPois rCorr Int+6}
Press: ? - help, Q - select action, (/) - cycle Shift-Dir - straight line, f - yak
Aim: a yak (lightly wounded, 82% to hit)
You shoot an arrow. The arrow hits the yak!
The yak is almost dead.
The yak gores you!
* * * LOW HITPOINT WARNING * * *
You shoot an arrow. The arrow closely misses the yak.
The arrow hits the yak!
The yak is heavily wounded.
The yak barely misses you.
You shoot an arrow. The arrow hits the yak!
You kill the yak!
The yak gores you!
* * * LOW HITPOINT WARNING * * *
Your Fighting skill increases to level 12!
You shoot an arrow. The arrow hits the yak!
The yak is severely wounded.
The yak barely misses you.
You shoot an arrow.
The arrow closely misses the yak. x2; The yak gores you!
* * * LOW HITPOINT WARNING * * *
You shoot an arrow. The arrow hits the yak!
The yak is almost dead.
The yak barely misses you. The yak gores you!
You die...

# #.###.# ###..<..# >########
*#### ,
..#####################...####
*
.........................†...$
,,
..##############..............
.## #Y#############* ##** *
#Y# * #h# , * #.# * , #.# * *
, ,#.# * ..# * * #.# #.# ..#


You could see 2 yaks.

Vanquished Creatures
  Pikel (D:6)
  Sigmund (D:4)
  2 yaks (D:6)
  Eustachio (D:6)
  An ice beast (D:5)
  3 lemures
  A phantom (D:5)
  Blork the orc (D:4)
  6 scorpions
  A jelly (D:5)
  An orc priest (D:5)
  A sleepcap (D:5)
  An iguana (D:5)
  3 orc wizards
  2 adders
  2 worms (D:2)
  2 dart slugs
  18 orcs
  A bat (D:1)
  3 endoplasms
  5 giant cockroaches
  A goblin (D:1)
  5 hobgoblins
  4 quokkas
  2 ball pythons
  A frilled lizard (D:2)
  3 kobolds
  3 rats
76 creatures vanquished.

Notes
Turn   | Place    | Note
-------+----------+-------------------------------------------
     0 | D:1      | cforsyth the Meteoran Shapeshifter began the quest for the
                  | Orb.
     0 | D:1      | Reached XP level 1. HP: 17/17 MP: 2/2
   117 | D:1      | Reached XP level 2. HP: 23/25 MP: 3/3
   197 | D:1      | Reached XP level 3. HP: 24/30 MP: 4/4
   266 | D:1      | Reached skill level 3 in Fighting
   516 | D:2      | Reached XP level 4. HP: 19/38 MP: 5/5
   633 | D:3      | Found a snail-covered altar of Cheibriados.
   698 | D:4      | Noticed Blork the orc
   712 | D:4      | Killed Blork the orc
   713 | D:4      | Reached skill level 4 in Fighting
   713 | D:4      | Reached XP level 5. HP: 46/46 MP: 6/6
   898 | D:4      | Reached XP level 6. HP: 8/53 MP: 7/7
   902 | D:4      | Reached skill level 5 in Unarmed Combat
   979 | D:5      | Entered Level 5 of the Dungeon
   989 | D:5      | Identified the +12 shortbow "Kemaerch" {antimagic, rElec
                  | rPois rCorr Int+6}
   992 | D:5      | Noticed an ice beast
   999 | D:5      | Killed an ice beast
  1000 | D:5      | Reached skill level 5 in Fighting
  1077 | D:4      | Reached XP level 7. HP: 61/61 MP: 2/8
  1087 | D:4      | Found Juucuuff's Jewellery Shop.
  1113 | D:4      | Noticed Sigmund
  1119 | D:4      | Killed Sigmund
  1120 | D:4      | Reached skill level 6 in Fighting
  1215 | D:5      | Reached skill level 7 in Fighting
  1262 | D:6      | Noticed Pikel
  1309 | D:5      | Reached XP level 8. HP: 51/73 MP: 3/9
  1352 | D:5      | Reached skill level 8 in Fighting
  1428 | D:6      | Noticed Eustachio
  1432 | D:6      | Killed Eustachio
  1433 | D:6      | Reached skill level 9 in Fighting
  1503 | D:6      | Killed Pikel
  1504 | D:6      | Reached skill level 11 in Fighting
  1504 | D:6      | Gained mutation: You passively map the area around you.
                  | [Meteoran growth]
  1504 | D:6      | Reached XP level 9. HP: 70/89 MP: 3/10
  1557 | D:6      | Reached skill level 12 in Fighting
  1558 | D:6      | HP: 4/90 [yak (11)]
  1559 | D:6      | Mangled by a yak

Illustrated notes

Levels and vault maps discovered:
D:1:      ncdulo_smallfort, layout_basic
D:2:      layout_basic, minivault_27, minmay_split_cup_small
D:3:      layout_rooms, mainiacjoe_overflow_boulevard,
          chequers_ecumenical_altar_grove, eino_tiny_chamber, minivault_25
D:4:      layout_loops_corners, serial_shops, shop_statue, uniq_blork_the_orc,
          uniq_sigmund
D:5:      layout_gridville
D:6:      layout_loops_ring, uniq_eustachio, uniq_pikel

Skill      XL: |  1  2  3  4  5  6  7  8  9 |
---------------+----------------------------+-----
Unarmed Combat | 3 4 5 |  5.5
Fighting       | 3 4 5 7 11 12 | 12.0
Dodging        | |  2.4
Shapeshifting  | |  3.6

Action                     |  1- 3 |  4- 6 |  7- 9 || total
---------------------------+-------+-------+-------++-------
  Melee: Unarmed           |    71 |    49 |       ||   120
         Punch             |     4 |     1 |       ||     5
   Fire: Shortbow          |       |    12 |   109 ||   121
    Use: Potion            |       |     1 |       ||     1
 Armour: Animal skin       |    11 |     4 |     8 ||    23
         Skin              |       |     5 |       ||     5
  Dodge: Dodged            |    25 |    17 |    47 ||    89

Table legend: (Time is in decaauts)
 A = Elapsed time spent in this place.
 B = Non-inter-level travel time spent in this place.
 C = Inter-level travel time spent in this place.
 D = Time resting spent in this place.
 E = Time spent auto-exploring this place.
 F = Levels seen in this place.
 G = Mean time per level.
                   A        B        C        D        E       F      G
               +--------+--------+--------+--------+--------+-----+--------+
         Total |   1599 |   1599 |      0 |     25 |      3 |   6 |  266.5 |
       Dungeon |   1599 |   1599 |      0 |     25 |      3 |   6 |  266.5 |
               +--------+--------+--------+--------+--------+-----+--------+

Top non-repeatable levels by time:
     D:4: 436 daAuts
     D:1: 344 daAuts
     D:5: 312 daAuts
     D:3: 188 daAuts
     D:2: 184 daAuts
     D:6: 132 daAuts
